 Seeded DCSS version 0.30-a0-867-g305f33218d (webtiles) character file.

Game seed: 20230310 (custom seed)

82495 bmack86 the Severer (level 15, -14/136 HPs)
             Began as a Minotaur Fighter on Mar 10, 2023.
             Was the Champion of Okawaru.
             Demolished by Urug
             ... wielding a +3 scimitar
              (17 damage)
             ... on level 2 of the Orcish Mines.
             The game lasted 00:55:38 (24190 turns).

bmack86 the Severer (Minotaur Fighter)             Turns: 24190, Time: 00:55:40

Health: -14/136    AC: 34    Str: 27      XL:     15   Next: 29%
Magic:  21/21      EV:  6    Int:  7 (9)  God:    Okawaru [******]
Gold:   1590       SH: 18    Dex: 14      Spells: 14/14 levels left

rFire   x x x      SeeInvis .    U - +7 broad axe of Myicow {freeze, Dex+3 Stlth+}
rCold   x x .      Faith    .    E - +0 tower shield
rNeg    . . .      Spirit   .    F - +0 plate armour
rPois   +          Reflect  .    S - +2 hat
rElec   +          Rampage  .    j - +2 cloak
rCorr   +                        V - +0 pair of gloves of the Sun {rCorr}
Will    ++...                    N - +1 pair of boots Stlth
                                 n - amulet of Elemental Vulnerability {rPois rF-- rC-- AC+8}
HPRegen 0.42/turn                b - ring "Bedieb" {rElec rF- Will+ Int+4}
MPRegen 0.17/turn                p - ring of flight

@: flying
A: horns 2, retaliatory headbutt
a: Renounce Religion, Heroism, Finesse, Duel


You were on level 2 of the Orcish Mines.
You worshipped Okawaru.
Okawaru was exalted by your worship.
You visited 3 branches of the dungeon, and saw 22 of its levels.
You also visited: Ossuary.

You collected 2150 gold pieces.
You spent 560 gold pieces at shops.

Inventory:

Hand Weapons
 a - a +6 spectral war axe
 J - a +0 war axe of flaming
 U - the +7 broad axe of Myicow (weapon) {freeze, Dex+3 Stlth+}
   (Okawaru gifted it to you on level 5 of the Lair of Beasts)

   Dex:       It affects your dexterity (+3).
   Stlth:     It makes you more stealthy.
Missiles
 e - 80 poisoned darts (quivered)
 i - 13 boomerangs
 O - a silver boomerang
 Q - 7 curare-tipped darts
 R - 4 javelins
Armour
 j - a +2 cloak (worn)
 E - a +0 tower shield (worn)
 F - a +0 plate armour (worn)
 H - a +2 pair of gloves
 N - a +1 pair of boots (worn)
 S - a +2 hat (worn)
 V - the +0 pair of gloves of the Sun (worn) {rCorr}
   (You found it on level 5 of the Lair of Beasts)

   rCorr:     It protects you from acid and corrosion.
Jewellery
 b - the ring "Bedieb" (left hand) {rElec rF- Will+ Int+4}
   (You acquired it on level 5 of the Dungeon)

   [ring of willpower]

   Int:       It affects your intelligence (+4).
   rF:        It makes you vulnerable to fire.
   rElec:     It insulates you from electricity.
   Will:      It increases your willpower.
 n - the amulet of Elemental Vulnerability (around neck) {rPois rF-- rC-- AC+8}
   (You found it on level 2 of the Lair of Beasts)

   [amulet of nothing]

   AC:        It affects your AC (+8).
   rF:        It makes you very vulnerable to fire.
   rC:        It makes you very vulnerable to cold.
   rPois:     It protects you from poison.
 p - a ring of flight (right hand)
 q - a +5 ring of evasion
 u - a ring of see invisible
 v - a +6 ring of intelligence
 w - a ring of protection from fire
 y - a ring of resist corrosion
 T - a ring of willpower
Wands
 c - a wand of quicksilver (7)
 s - a wand of polymorph (16)
 C - a wand of iceblast (22)
 G - a wand of mindburst (10)
 I - a wand of digging (3)
 K - a wand of flame (51)
 P - a wand of paralysis (18)
Scrolls
 f - 3 scrolls of fear
 k - 12 scrolls of teleportation
 m - 7 scrolls of amnesia
 o - a scroll of magic mapping
 x - 2 scrolls of blinking
 L - 5 scrolls of identify
 W - a scroll of fog
Potions
 d - 2 potions of might
 g - 4 potions of haste
 h - 4 potions of berserk rage
 l - 2 potions of magic
 r - 2 potions of ambrosia
 t - 6 potions of heal wounds
 z - a potion of resistance
 A - 8 potions of curing
 B - 3 potions of flight
 D - 2 potions of brilliance
Miscellaneous
 M - a piece from Xom's chessboard (15/15)


   Skills:
 + Level 13.6 Fighting
 - Level 18.0 Axes
 - Level 10.0 Throwing
 + Level 13.6 Armour
 * Level 13.8 Shields
 + Level 9.4 Invocations


You had 14 spell levels left.
You didn't know any spells.
Your spell library contained the following spells:

 Spells                   Type           Power      Damage    Failure   Level
 Magic Dart               Conj           0%         1d3       100%        1
 Slow                     Hex            0%         N/A       100%        1
 Searing Ray              Conj           0%         2d4       100%        2
 Confusing Touch          Hex            0%         N/A       100%        3
 Mephitic Cloud           Conj/Pois/Air  0%         N/A       100%        3
 Vampiric Draining        Necr           0%         2d6       100%        3
 Fulminant Prism          Conj/Hex       0%         3d5       100%        4
 Passage of Golubria      Tloc           0%         N/A       100%        4
 Alistair's Intoxication  Tmut/Pois      0%         N/A       100%        5
 Borgnjor's Vile Clutch   Necr/Erth      0%         N/A       100%        5
 Silence                  Hex/Air        0%         N/A       100%        5
 Yara's Violent Unravell  Hex/Tmut       0%         3d3       100%        5
 Eringya's Noxious Bog    Tmut/Pois      0%         N/A       100%        6
 Enfeeble                 Hex            0%         N/A       100%        7
 Orb of Destruction       Conj           0%         9d5       100%        7
 Lehudib's Crystal Spear  Conj/Erth      0%         10d2      100%        8
 Summon Guardian Golem    Hex/Summ       Unusable   N/A       N/A         3
 Summon Cactus Giant      Summ           Unusable   N/A       N/A         6
 Spellforged Servitor     Conj/Summ      Unusable   N/A       N/A         7

Dungeon Overview and Level Annotations

Branches:
Dungeon (15/15)            Temple (0/1) D:7            Lair (5/5) D:9
  Swamp (0/4) Lair:3        Snake (0/4) Lair:3        Slime (0/5) Lair:5
    Orc (2/2) D:12         Vaults (0/5) D:13         Depths (0/4) D:15
Ossuary (visited)
    Elf: Orc:2

Altars:
Cheibriados
Dithmenos
Elyvilon
Hepliaklqana
Kikubaaqudgha
Makhleb
Nemelex Xobeh
Okawaru
Qazlal
Ru
Sif Muna
Vehumet
Yredelemnul
The Shining One

Shops:
D:11 *   Orc:2 =

Annotations:
Orc:2 Snorg, Urug


Innate Abilities, Weirdness & Mutations

You have a pair of horns on your head.
You reflexively headbutt those who attack you in melee.


Message History

You slice the orc!! You freeze the orc.
You kill the orc!
You slash Urug! You freeze Urug. You barely miss the troll.
Snorg bites you but does no damage. Snorg claws you!
* * * LOW HITPOINT WARNING * * *
Snorg claws you but does no damage.
The orc knight roars a battlecry!
The orc warrior goes into a battle-frenzy!
Urug screams, "I'm goin' to kill you!
Now!"
You block Urug's attack. You block the troll's attack. x2
The troll claws you but does no damage.
You slice Snorg!! You freeze Snorg.
Snorg is almost dead.
You barely miss Urug. You closely miss the orc warrior. You slash the troll!
You freeze the troll! Snorg bites you!
* * * LOW HITPOINT WARNING * * *
Snorg completely misses you. Snorg claws you but does no damage.
The orc warrior unwields a +0 arbalest.
The orc warrior wields a +0 trident.
The orc warrior hits you with a +0 trident!
* * * LOW HITPOINT WARNING * * *
Snorg bites you but does no damage. Snorg claws you but does no damage. x2
You feel much better.
Urug no longer looks unusually strong.
The troll bites you but does no damage. You block the troll's attack. x2
The orc knight closely misses you. Urug closely misses you.
You block Snorg's attack. Snorg claws you.
* * * LOW HITPOINT WARNING * * *
Snorg claws you but does no damage.
You closely miss Snorg.
Snorg is almost dead.
You barely miss the troll. You slash Urug! You freeze Urug.
You closely miss the orc warrior. You block Snorg's attack.
Snorg barely misses you. Snorg claws you!
* * * LOW HITPOINT WARNING * * *
The troll bites you!
* * * LOW HITPOINT WARNING * * *
The troll claws you!
* * * LOW HITPOINT WARNING * * *
You block the troll's attack. You block the orc knight's attack.
Urug hits you with a +3 scimitar!
You die...

#....<...................
......................#..
..##............<......#.
....#.)..........[.......
..........................
.......<..................
.##......8...............#
#......))...............
#....8<@o8....#.........
##....TTo).....#........
###...8.o..............
#.......(.............
#......(.(.............
..#.....................
...#............. ..
..............


You could see Snorg (berserk, very poisoned), an orc knight, Urug, a troll and
an orc warrior (strong).

Vanquished Creatures
  A bone dragon (D:12)
  3 rakshasas (D:15)
  A vault guard (D:13)
  5 hydras
  4 catoblepae
  Erica (D:11)
  4 centaur warriors
  3 two-headed ogres
  The ghost of Mickster the Fighter, a journeyman GrMo (Lair:2)
  13 death yaks
  A tengu warrior (D:13)
  Nergalle (Lair:1)
  Sonja (Lair:4)
  3 skeletal warriors (D:14)
  A swamp dragon (shapeshifter) (D:15)
  A glowing orange brain (D:15)
  A wizard (D:15)
  An orc knight (D:13)
  2 lindwurms
  6 manticores
  A lindwurm (shapeshifter) (D:13)
  4 deep elf pyromancers
  3 cyclopes
  15 ugly things
  Joseph (D:8)
  8 elephants (Lair:5)
  3 black mambas
  3 cane toads
  2 gargoyles
  4 rime drakes
  7 centaur skeletons (D:12)
  A kobold demonologist (D:13)
  4 komodo dragons
  Maggie (D:7)
  2 efreet
  3 tengu conjurers (D:15)
  A tyrant leech (Lair:3)
  A troll (D:11)
  4 polar bears
  Grinder (D:4)
  26 blink frogs
  A hornet (D:6)
  3 meliai zombies (D:12)
  12 slime creatures
  A centaur simulacrum (D:12)
  3 wyverns
  A shadow (D:10)
  2 vampires
  47 yaks
  A wraith (D:12)
  9 humans (D:13)
  12 vampire mosquitoes
  A basilisk (Lair:5)
  Menkaure (Ossuary)
  3 acid dragons
  2 wargs
  3 nagas (Lair:3)
  9 water moccasins
  3 swamp worms (Lair:3)
  5 ice beasts
  10 orc warriors
  2 black bears (D:6)
  A hornet zombie (D:12)
  11 wolves
  4 ogres
  10 centaurs
  2 phantoms
  7 kobold brigands
  11 bullfrogs
  A gnoll sergeant (D:12)
  A scorpion (D:7)
  A wight (D:8)
  6 killer bees (D:10)
  4 electric eels
  4 howler monkeys
  9 centaur zombies
  4 hounds (D:5)
  3 jellies
  3 orc priests
  2 gnoll boudas
  An iron imp (D:4)
  3 sleepcaps
  A boggart zombie (D:12)
  Terence (D:2)
  3 iguanas
  11 orc wizards
  2 boggart skeletons (D:12)
  2 ogre zombies (Ossuary)
  6 mummies (Ossuary)
  Robin (D:4)
  18 gnolls
  5 adders
  4 shadow imps
  4 white imps
  3 ufetubi
  7 adder zombies (Ossuary)
  A worm (D:2)
  3 dart slugs
  42 orcs
  12 endoplasms
  5 giant cockroaches
  14 goblins
  11 hobgoblins
  40 kobolds
  2 quokkas
  8 ball pythons
  5 bats
  4 frilled lizards
  5 goblin zombies (Ossuary)
  4 hobgoblin zombies (Ossuary)
  4 kobold zombies (Ossuary)
  An orc zombie (Ossuary)
  3 quokka zombies (Ossuary)
  2 rats (D:1)
  A rat zombie (Ossuary)
603 creatures vanquished.

Vanquished Creatures (others)
  A vault guard (D:13)
  A human (D:13)
  A centaur (D:12)
  An orc wizard (Orc:2)
  10 fungi
  108 plants
122 creatures vanquished.

Grand Total: 725 creatures vanquished

Notes
Turn   | Place    | Note
-------+----------+-------------------------------------------
     0 | D:1      | bmack86 the Minotaur Fighter began the quest for the Orb.
     0 | D:1      | Reached XP level 1. HP: 19/19 MP: 0/0
    76 | D:1      | Reached XP level 2. HP: 21/27 MP: 1/1
   215 | D:1      | Reached skill level 3 in Axes
   443 | D:1      | Found a faded altar of an unknown god.
   964 | D:2      | Reached XP level 3. HP: 31/33 MP: 2/2
  1202 | D:2      | Noticed Terence
  1212 | D:2      | Killed Terence
  1213 | D:2      | Reached XP level 4. HP: 36/40 MP: 3/3
  1425 | D:2      | Reached skill level 4 in Axes
  1605 | D:3      | Found a hazy altar of Hepliaklqana.
  1749 | D:3      | Found a glowing golden altar of the Shining One.
  1765 | D:3      | Identified the +6 trident of Mor Ynlu {flame, Str+3}
  2092 | D:3      | Found a stormy altar of Qazlal.
  2185 | D:3      | Found a radiant altar of Vehumet.
  2407 | D:4      | Reached XP level 5. HP: 37/47 MP: 4/4
  2487 | D:4      | Noticed a phantom
  2494 | D:4      | Killed a phantom
  2495 | D:4      | Reached skill level 5 in Axes
  2817 | D:4      | Found a snail-covered altar of Cheibriados.
  2823 | D:4      | Reached XP level 6. HP: 55/55 MP: 5/5
  3050 | D:4      | Noticed Robin
  3079 | D:4      | Killed Robin
  3107 | D:4      | Reached skill level 5 in Fighting
  3107 | D:4      | Reached skill level 5 in Armour
  3107 | D:4      | Reached skill level 5 in Shields
  3403 | D:4      | Noticed Grinder
  3407 | D:4      | Paralysed by Grinder for 3 turns
  3415 | D:4      | Killed Grinder
  3416 | D:4      | Reached skill level 6 in Axes
  3416 | D:4      | Reached XP level 7. HP: 37/61 MP: 6/6
  3624 | D:5      | Entered Level 5 of the Dungeon
  4161 | D:5      | Found a sacrificial altar of Ru.
  4239 | D:5      | Found a basalt altar of Yredelemnul.
  4241 | D:5      | Identified a scroll of acquirement
  4241 | D:5      | Acquired the ring "Bedieb" {rElec rF- Will+ Int+4}
  4267 | D:5      | Reached skill level 7 in Axes
  4483 | D:5      | Reached skill level 1 in Throwing
  4543 | D:5      | Found a white marble altar of Elyvilon.
  4622 | D:5      | Reached XP level 8. HP: 59/70 MP: 7/7
  5069 | D:6      | Found a shimmering blue altar of Sif Muna.
  5287 | D:6      | Reached skill level 8 in Axes
  5365 | D:6      | Identified the +3 falchion "Isholepn" {flame, rElec rN++
                  | Int+2}
  5496 | D:6      | Noticed a hornet
  5504 | D:6      | Paralysed by a hornet for 2 turns
  5507 | D:6      | Killed a hornet
  5916 | D:6      | Reached XP level 9. HP: 41/79 MP: 8/8
  5917 | D:6      | Reached skill level 9 in Axes
  6309 | D:7      | You fall into a shaft and drop 2 floors!
  6411 | D:8      | Found a sand-covered staircase.
  6425 | Ossuary  | Entered an ossuary
  6792 | Ossuary  | Noticed Menkaure
  6797 | Ossuary  | Killed Menkaure
  6971 | D:8      | Noticed a two-headed ogre
  6978 | D:8      | Killed a two-headed ogre
  6979 | D:8      | Reached skill level 10 in Axes
  7031 | D:7      | Found an iron altar of Okawaru.
  7035 | D:7      | Became a worshipper of Warmaster Okawaru
  7210 | D:7      | Reached skill level 1 in Invocations
  7314 | D:7      | Found a staircase to the Ecumenical Temple.
  7326 | D:7      | Reached XP level 10. HP: 88/88 MP: 9/9
  7412 | D:7      | Noticed Maggie
  7416 | D:7      | Killed Maggie
  7416 | D:7      | Reached * piety under Okawaru
  7873 | D:8      | Noticed Joseph
  7886 | D:8      | Killed Joseph
  8163 | D:8      | Reached skill level 11 in Axes
  8187 | D:8      | Found a large runed translucent door.
  8191 | D:8      | Found a large runed translucent door.
  8205 | D:8      | Found a sparkling altar of Nemelex Xobeh.
  8210 | D:8      | Found an ancient bone altar of Kikubaaqudgha.
  8364 | D:9      | Noticed a two-headed ogre
  8374 | D:9      | Killed a two-headed ogre
  8375 | D:9      | Reached skill level 5 in Throwing
  8394 | D:9      | Identified the +5 dagger "Concordance" {spect, Str+5}
  8717 | D:9      | Noticed a two-headed ogre
  8721 | D:9      | Killed a two-headed ogre
  8721 | D:9      | Reached ** piety under Okawaru
  8752 | D:9      | Found a staircase to the Lair.
  9081 | D:10     | Entered Level 10 of the Dungeon
  9221 | D:10     | Reached *** piety under Okawaru
  9656 | D:10     | Reached XP level 11. HP: 70/97 MP: 12/12
  9657 | D:10     | Reached skill level 12 in Axes
 10102 | D:11     | Found Galowno's Elemental Accessories.
 10439 | D:11     | Noticed Erica
 10443 | D:11     | Killed Erica
 10443 | D:11     | Received a gift from Okawaru
 10443 | D:11     | Reached **** piety under Okawaru
 10937 | D:11     | Received a gift from Okawaru
 10971 | D:12     | Found a staircase to the Orcish Mines.
 11182 | D:12     | Reached skill level 13 in Axes
 11185 | D:12     | Reached ***** piety under Okawaru
 11189 | D:12     | Reached skill level 10 in Fighting
 11189 | D:12     | Reached skill level 10 in Armour
 11189 | D:12     | Reached skill level 10 in Shields
 11484 | D:12     | Noticed a deep elf pyromancer
 11494 | D:12     | Killed a deep elf pyromancer
 11609 | D:12     | Reached skill level 5 in Invocations
 11712 | D:12     | Reached XP level 12. HP: 83/106 MP: 14/14
 11891 | D:12     | Received a gift from Okawaru
 11906 | D:12     | Found the +9 sword of Zonguldrok {reap}
 11906 | D:12     | Noticed a bone dragon
 11944 | D:12     | Killed a bone dragon
 11944 | D:12     | Identified the -1 pair of boots of Terror {Harm} (Okawaru
                  | gifted it to you on level 12 of the Dungeon)
 11944 | D:12     | Received a gift from Okawaru
 11945 | D:12     | Reached skill level 14 in Axes
 12701 | Lair:1   | Entered Level 1 of the Lair of Beasts
 13167 | Lair:1   | Noticed Nergalle
 13182 | Lair:1   | Killed Nergalle
 13836 | Lair:2   | Found a transporter.
 13856 | Lair:2   | Noticed Mickster's ghost (journeyman GrMo)
 13858 | Lair:2   | Noticed a death yak
 13860 | Lair:2   | Found a transporter.
 14061 | Lair:2   | Reached XP level 13. HP: 113/116 MP: 16/16
 14109 | Lair:2   | Received a gift from Okawaru
 14311 | Lair:2   | Reached ****** piety under Okawaru
 14312 | Lair:2   | Reached skill level 15 in Axes
 14313 | Lair:2   | Found the amulet of Elemental Vulnerability {rPois rF--
                  | rC-- AC+8}
 14665 | Lair:2   | Killed Mickster's ghost
 14936 | Lair:3   | Received a gift from Okawaru
 15467 | Lair:3   | Received a gift from Okawaru
 15617 | Lair:3   | Found a staircase to the Snake Pit.
 15748 | Lair:3   | Found a staircase to the Swamp.
 15752 | Lair:3   | Identified the +3 robe of Okawaru's Displeasure {-Tele
                  | rCorr Int+4} (Okawaru gifted it to you on level 3 of the
                  | Lair of Beasts)
 15752 | Lair:3   | Received a gift from Okawaru
 15901 | Lair:4   | Got Sif Muna's Lessons on Impure Command
 16422 | Lair:4   | Noticed Sonja
 16429 | Lair:4   | Killed Sonja
 16430 | Lair:4   | Reached skill level 16 in Axes
 17014 | Lair:5   | Entered Level 5 of the Lair of Beasts
 17351 | Lair:5   | Reached XP level 14. HP: 44/126 MP: 18/18
 17564 | Lair:5   | Found a staircase to the Slime Pits.
 18243 | Lair:5   | Identified the +7 broad axe of Myicow {freeze, Dex+3
                  | Stlth+} (Okawaru gifted it to you on level 5 of the Lair of
                  | Beasts)
 18243 | Lair:5   | Received a gift from Okawaru
 18689 | Lair:5   | Identified the +0 pair of gloves of the Sun {rCorr}
 18929 | Lair:5   | Received a gift from Okawaru
 19461 | D:13     | Reached skill level 17 in Axes
 20290 | D:13     | Identified the +1 scale mail "Suhodyck" {rN+ Str+5 Dex+3}
                  | (Okawaru gifted it to you on level 13 of the Dungeon)
 20290 | D:13     | Received a gift from Okawaru
 20486 | D:13     | Found a gate to the Vaults.
 21795 | D:14     | Reached skill level 10 in Throwing
 22073 | D:15     | Entered Level 15 of the Dungeon
 22203 | D:15     | Reached XP level 15. HP: 113/136 MP: 20/20
 22692 | D:15     | Found a shadowy altar of Dithmenos.
 22945 | D:15     | Received a gift from Okawaru
 22946 | D:15     | Reached skill level 18 in Axes
 23199 | D:15     | Found a staircase to the Depths.
 23940 | Orc:1    | Entered Level 1 of the Orcish Mines
 24008 | Orc:1    | Found a burning altar of Makhleb.
 24120 | Orc:2    | Entered Level 2 of the Orcish Mines
 24145 | Orc:2    | Found Dothue Noel's Jewellery Emporium.
 24169 | Orc:2    | Noticed Snorg
 24171 | Orc:2    | Bought a ring of see invisible for 210 gold pieces
 24171 | Orc:2    | Bought a ring of willpower for 350 gold pieces
 24174 | Orc:2    | Noticed Urug
 24178 | Orc:2    | Identified the -2 kite shield of the Gloaming {Will+}
                  | (Okawaru gifted it to you on level 2 of the Orcish Mines)
 24178 | Orc:2    | Received a gift from Okawaru
 24190 | Orc:2    | HP: 3/136 [troll (10)]
 24190 | Orc:2    | Demolished by Urug

Illustrated notes

Levels and vault maps discovered:
D:1:      mrwooster_arrival_arrow, layout_loops_ring,
          shapermc_ecumenical_altar_petra,
          nicolae_concentric_dashed_squares_mild, minmay_indecisive_spiral
D:2:      layout_loops_ring, roderic_filled_cross, uniq_terence
D:3:      layout_loops_cross, mainiacjoe_overflow_brackets,
          overflow_temple_1_default, nicolae_overflow_hidden_temple,
          grunt_qazlal_clouds
D:4:      layout_cave_pods, chei_slow_surprise, uniq_grinder, uniq_robin
D:5:      kennysheep_kobold_camp, layout_loops_ring, kennysheep_ying_yang,
          nicolae_ru_great_annihilating_truth
D:6:      minmay_bubble_buster, layout_loops_ring, kennysheep_orc_sif_temple
D:7:      layout_loops_cross, okawaru_trees_2, minmay_temple_entry_sparse_star,
          kennysheep_opposing_triangles, uniq_maggie
D:8:      layout_rooms, jmf_multi_god_temple2, chequers_ossuary_entry_cave,
          amcnicky_mini_corridor_feature, uniq_joseph
D:9:      layout_basic, dpeg_oklobed_lair, chequers_serial_rivers_micro_b
D:10:     layout_long_grid, hellmonk_bongcloud_opening
D:11:     layout_gridville, nicolae_elemental_shop, item_on_display_a,
          uniq_erica
D:12:     layout_gridville, orc_0_dummy, serial_ice, serial_ice_e, serial_ice_i,
          serial_ice_g, serial_ice_d, serial_ice_h, serial_ice_a,
          minmay_guarded_unrand_zonguldrok
D:13:     layout_stronghold, ximxim_vaults_locker_room
D:14:     layout_long_grid
D:15:     gammafunk_enter_depths_forms, layout_cave_pods, st_stairs_9,
          nicolae_dithmenos_through_a_glass_darkly
Lair:1:   layout_cave_pods, uniq_nergalle
Lair:2:   layout_small_grid, gammafunk_ghost_arena
Lair:3:   layout_hall_layers, palyth_hydra_swamp_entry,
          guppyfry_snake_entry_garden
Lair:4:   layout_cave_pods, serial_bayou, serial_bayou_lagoon_a,
          serial_bayou_pond_a, serial_bayou_crossing, serial_bayou_shore_b,
          serial_bayou_shore_a, uniq_sonja
Lair:5:   evilmike_catoblepas_cave, layout_long_grid, slime_entry_1,
          serial_bayou_lagoon_b
Orc:1:    layout_caves, bloody_makhleb
Orc:2:    st_orc_pillars, layout_caves, serial_shops, nicolae_shop_statue_plus,
          uniq_nessos, uniq_erolcha, uniq_urug, uniq_snorg

Skill      XL: |  1  2  3  4  5  6  7  8  9 10 11 12 13 14 15 |
---------------+----------------------------------------------+-----
Axes           | 3 4 5 6 7 8 10 11 13 14 16 17 18 | 18.0
Fighting       | 4 5 6 7 8 9 10 11 12 13 | 13.6
Armour         | 4 5 6 7 8 9 10 11 12 13 | 13.6
Shields        | 4 5 6 7 8 9 10 11 12 13 | 13.8
Throwing       | 1 2 4 5 6 7 9 10 | 10.0
Invocations    | 1 3 5 6 7 9 |  9.4

Action                     |  1- 3 |  4- 6 |  7- 9 | 10-12 | 13-15 || total
---------------------------+-------+-------+-------+-------+-------++-------
  Melee: War axe           |    70 |   112 |   280 |   401 |   286 ||  1149
         Headbutt          |     7 |    18 |    67 |   103 |   183 ||   378
         Broad axe         |       |       |       |       |   342 ||   342
  Throw: Dart              |       |       |       |     1 |    22 ||    23
         Boomerang         |       |       |       |       |     6 ||     6
 Invoke: Heroism           |       |       |       |     1 |     4 ||     5
         Finesse           |       |       |       |     1 |     1 ||     2
    Use: Scroll            |     3 |     2 |    14 |    13 |     7 ||    39
         Potion            |       |       |       |     2 |     1 ||     3
   Stab: Distracted        |       |       |       |    11 |     3 ||    14
         Petrifying        |       |       |       |       |     1 ||     1
         Petrified         |       |       |       |       |     1 ||     1
 Armour: Scale mail        |    42 |    55 |    67 |       |       ||   164
         Plate armour      |       |       |       |   348 |   535 ||   883
  Dodge: Dodged            |    27 |   106 |   151 |   206 |   140 ||   630
  Block: Buckler           |    10 |    34 |    56 |    69 |       ||   169
         Kite shield       |       |       |       |   176 |   392 ||   568
         Tower shield      |       |       |       |       |    35 ||    35

Table legend: (Time is in decaauts)
 A = Elapsed time spent in this place.
 B = Non-inter-level travel time spent in this place.
 C = Inter-level travel time spent in this place.
 D = Time resting spent in this place.
 E = Time spent auto-exploring this place.
 F = Levels seen in this place.
 G = Mean time per level.
                   A        B        C        D        E       F      G
               +--------+--------+--------+--------+--------+-----+--------+
         Total |  24146 |  23210 |    936 |    965 |  16583 |  23 | 1049.8 |
       Dungeon |  16908 |  16204 |    704 |    659 |  11874 |  15 | 1127.2 |
          Lair |   6512 |   6282 |    230 |    306 |   4614 |   5 | 1302.4 |
  Orcish Mines |    244 |    244 |      0 |      0 |     95 |   2 |  122.0 |
       Ossuary |    481 |    481 |      0 |      0 |      0 |   1 |  481.0 |
               +--------+--------+--------+--------+--------+-----+--------+

Top non-repeatable levels by time:
  Lair:5: 2168 daAuts
    D:15: 1761 daAuts
    D:12: 1681 daAuts
    D:13: 1449 daAuts
     D:4: 1377 daAuts
     D:5: 1374 daAuts
    D:14: 1292 daAuts
     D:6: 1218 daAuts
  Lair:3: 1186 daAuts
  Lair:4: 1149 daAuts
  Lair:1: 1099 daAuts
    D:10: 1052 daAuts
    D:11: 935 daAuts
     D:7: 926 daAuts
  Lair:2: 908 daAuts
